 Dungeon Sprint DCSS version 0.30-a0-800-g7c544603b3 (webtiles) character file.

Game seed: 12347020599245194298

291 BigDaddyOpFi the Eye of the Storm (level 6, -6/52 HPs)
             Began as a Demonspawn Fighter on Feb 21, 2023.
             Was a Priest of Qazlal.
             Mangled by an ogre
             ... wielding a +0 giant club
              (20 damage)
             ... in the Dungeon (Sprint VII: "The Pits").
             The game lasted 00:00:50 (410 turns).

BigDaddyOpFi the Eye of the Storm (DsFi)             Turns: 410, Time: 00:00:51

Health: -6/52      AC: 14    Str: 18    XL:     6   Next: 10%
Magic:  13/13      EV:  5    Int: 10    God:    Qazlal [***...]
Gold:   0          SH:  9    Dex: 12    Spells: 5/5 levels left

rFire   . . .      SeeInvis .    a - +0 war axe
rCold   . . .      Faith    .    c - +0 buckler
rNeg    . . .      Spirit   .    l - +2 plate armour
rPois   .          Reflect  .    (helmet restricted)
rElec   .          Harm     .    (no cloak)
rCorr   .          Rampage  .    (no gloves)
Will    .....      NoTele   +    (no boots) Stlth
                                 (no amulet)
HPRegen 0.28/turn                (no ring)
MPRegen 0.13/turn                (no ring)

@: mighty
A: claws 1, horns 1, powered by pain 2
a: Renounce Religion, Upheaval, Elemental Force


You were in the Dungeon.
You worshipped Qazlal.
Qazlal was most pleased with you.
You visited 1 branch

Inventory:

Hand Weapons
 a - a +0 war axe (weapon)
Armour
 c - a +0 buckler (worn)
 l - a +2 plate armour (worn)
Scrolls
 j - a scroll of blinking
Potions
 e - 6 potions of curing
 f - 3 potions of heal wounds
 g - a potion of haste
 h - 4 potions of magic
 i - 3 potions of berserk rage
 k - 2 potions of invisibility


   Skills:
 + Level 6.1 Fighting
 + Level 4.9 Axes
 + Level 5.4 Armour
 + Level 5.4 Shields
 * Level 9.5 Invocations


You had 5 spell levels left.
You didn't know any spells.
Your spell library was empty.

Dungeon Overview and Level Annotations

Branches:
Dungeon (1/1)

Altars:
Ashenzari
Cheibriados
Dithmenos
Fedhas
Gozag
Hepliaklqana
Kikubaaqudgha
Makhleb
Nemelex Xobeh
Okawaru
Qazlal
Ru
Sif Muna
Trog
Uskayaw
Vehumet
Wu Jian
Xom
Yredelemnul
Jiyva
Lugonu

Annotations:
D Dowan, Duvessa


Innate Abilities, Weirdness & Mutations

You have sharp fingernails.
You have a pair of small horns on your head.
You sometimes gain power by taking damage.


Message History

You closely miss the water moccasin.
The water moccasin is almost dead.
You closely miss Dowan.
You feel sick. Dowan casts a spell at you. You resist with some effort.
The water moccasin bites you but does no damage.
Dowan gestures at you while chanting. The puff of frost hits you!
The water moccasin bites you but does no damage.
You slice the water moccasin!!
You kill the water moccasin!
Qazlal accepts your kill.
You slash Dowan!
You feel sick. You block Dowan's attack.
Your Fighting skill increases to level 6!
Your Armour skill increases to level 5!
Your Shields skill increases to level 5!
Your Invocations skill increases to level 9!
You have reached level 6!
Your demonic ancestry asserts itself...
Your fingernails lengthen.
You feel much better.
You feel sick. The ogre hits you with a +0 giant club.
You block Dowan's attack.
You barely miss Dowan.
Dowan is heavily wounded.
You slash the ogre!
You feel sick.
You are no longer poisoned.
Dowan hits you with a +0 dagger. The ogre barely misses you.
You slash Dowan!
Dowan is severely wounded.
You barely miss the ogre.
Dowan points at you and mumbles some strange words.
The puff of frost hits you but does no damage.
The ogre hits you with a +0 giant club!
You focus on the pain.
You feel your power returning. You block Dowan's attack.
You slash the ogre! You headbutt the ogre!
The ogre is almost dead.
You hit Dowan. Dowan hits you with a +0 dagger.
* * * LOW HITPOINT WARNING * * *
The ogre hits you with a +0 giant club!!
You die...

#'#####÷#####.....
#.#...#.#[[##.....
#.#...#.#))#####'#
#.#...).#))##.....
#.##'####))##.....
#.#..†..#..##.....
#.#..†..#'###...<.
#e#........##.....
#@#........##.....
#O###########.....


#ge ###### #5g# #... ##.## .. .# You could see Duvessa, an ogre, Dowan, a quasit
and 2 gnolls.

Vanquished Creatures
  A water moccasin (D)
  A wolf (D)
  A scorpion (D)
  A gnoll bouda (D)
  A gnoll (D)
  An adder skeleton (D)
  A bat (D)
  A bat skeleton (D)
  An endoplasm (D)
  2 hobgoblins (D)
  A kobold (D)
  A ball python (D)
13 creatures vanquished.

Notes
Turn   | Place    | Note
-------+----------+-------------------------------------------
     0 | D        | BigDaddyOpFi the Demonspawn Fighter began the quest for the
                  | Orb.
     0 | D        | Reached XP level 1. HP: 18/18 MP: 1/1
    16 | D        | Found a bloodstained altar of Trog.
    16 | D        | Found a shimmering blue altar of Sif Muna.
    16 | D        | Found a viscous altar of Jiyva.
    16 | D        | Found a hazy altar of Hepliaklqana.
    16 | D        | Found an opulent altar of Gozag.
    17 | D        | Found a basalt altar of Yredelemnul.
    17 | D        | Found a shimmering altar of Xom.
    17 | D        | Found an ornate altar of the Wu Jian Council.
    17 | D        | Found a sacrificial altar of Ru.
    17 | D        | Found a stormy altar of Qazlal.
    17 | D        | Found an iron altar of Okawaru.
    17 | D        | Found a sparkling altar of Nemelex Xobeh.
    17 | D        | Found a burning altar of Makhleb.
    17 | D        | Found a blossoming altar of Fedhas.
    17 | D        | Found a shadowy altar of Dithmenos.
    17 | D        | Found a snail-covered altar of Cheibriados.
    18 | D        | Found a radiant altar of Vehumet.
    18 | D        | Found a corrupted altar of Lugonu.
    19 | D        | Found an ancient bone altar of Kikubaaqudgha.
    19 | D        | Found a hide-covered altar of Uskayaw.
    19 | D        | Found a broken altar of Ashenzari.
    22 | D        | Became a worshipper of Qazlal Stormbringer
    45 | D        | Noticed a scorpion
    48 | D        | Reached skill level 1 in Invocations
    53 | D        | Killed a scorpion
    54 | D        | Reached skill level 5 in Invocations
    54 | D        | Gained mutation: You sometimes gain a little power by
                  | taking damage. [demonic ancestry]
    54 | D        | Reached XP level 2. HP: 13/26 MP: 1/5
    54 | D        | Reached XP level 3. HP: 16/31 MP: 1/6
   154 | D        | Reached * piety under Qazlal
   176 | D        | Reached ** piety under Qazlal
   177 | D        | Noticed a wolf
   189 | D        | Killed a wolf
   190 | D        | Reached skill level 5 in Fighting
   190 | D        | Reached skill level 7 in Invocations
   190 | D        | Gained mutation: You sometimes gain power by taking damage.
                  | [demonic ancestry]
   190 | D        | Reached XP level 4. HP: 28/39 MP: 7/9
   190 | D        | Discovered your monstrous ancestry.
   190 | D        | Gained mutation: You have a pair of small horns on your
                  | head. [demonic ancestry]
   190 | D        | Reached XP level 5. HP: 32/44 MP: 7/10
   390 | D        | Noticed a water moccasin
   390 | D        | Noticed Duvessa
   391 | D        | Noticed an ogre
   392 | D        | Noticed Dowan
   395 | D        | Reached *** piety under Qazlal
   400 | D        | Reached skill level 8 in Invocations
   406 | D        | Killed a water moccasin
   407 | D        | Reached skill level 5 in Armour
   407 | D        | Reached skill level 5 in Shields
   407 | D        | Reached skill level 9 in Invocations
   407 | D        | Gained mutation: You have sharp fingernails. [demonic
                  | ancestry]
   407 | D        | Reached XP level 6. HP: 18/52 MP: 11/13
   410 | D        | Mangled by an ogre

Illustrated notes

Levels and vault maps discovered:
D:        pitsprint [storerooms_1, entrance_room_1, metal_vault_6, armoury_2,
          mini_pit_1, grid_room_1, main_hall_1, silver_pit, the_coven_3,
          the_vestibule_1, steel_vault_3, golden_pit, hallway_of_sentries,
          crystal_vault_6, iron_vault_2, final_vault]

Skill      XL: |  1  2  3  4  5 |
---------------+----------------+-----
Axes           | 3 4 |  4.9
Invocations    | 5 7 9 |  9.5
Fighting       | 4 5 6 |  6.1
Armour         | 3 4 5 |  5.4
Shields        | 3 4 5 |  5.4

Action                     |  1- 3 |  4- 6 || total
---------------------------+-------+-------++-------
  Melee: War axe           |    36 |    17 ||    53
         Headbutt          |       |     5 ||     5
    Use: Potion            |     1 |     3 ||     4
 Armour: Scale mail        |    19 |       ||    19
         Plate armour      |       |    11 ||    11
  Dodge: Dodged            |    17 |     1 ||    18
  Block: Buckler           |    16 |     6 ||    22

Table legend: (Time is in decaauts)
 A = Elapsed time spent in this place.
 B = Non-inter-level travel time spent in this place.
 C = Inter-level travel time spent in this place.
 D = Time resting spent in this place.
 E = Time spent auto-exploring this place.
 F = Levels seen in this place.
 G = Mean time per level.
                   A        B        C        D        E       F      G
               +--------+--------+--------+--------+--------+-----+--------+
         Total |    429 |    409 |     20 |    238 |      0 |   1 |  429.0 |
       Dungeon |    429 |    409 |     20 |    238 |      0 |   1 |  429.0 |
               +--------+--------+--------+--------+--------+-----+--------+

Top non-repeatable levels by time:
       D: 429 daAuts
